General information
- name: BNet
- type: Ladder team game (AT/RT)
- host: Battle.net
- saver: ReignIForever
map: MarketSquare
- players: 8
- length: 28:38
- speed: Fast
- version: 1.26 W3XP
- replay type: Public
» download(178 KB)
Players
team 1 (winner)

»
Newn00b (
orange | 41 APM | 1160 actions | 28:38)
7 Tauren Chieftain
3 Endurance Aura
3 War Stomp
1 Reincarnation
» actions
| Assign group hotkey | 52 | |
| Basic commands | 2 | |
| Build / train | 74 | |
| ESC pressed | 1 | |
| Enter build submenu | 17 | |
| Enter hero's abilities submenu | 7 | |
| Give item / drop item | 1 | |
| Remove unit from queue | 7 | |
| Right click | 323 | |
| Select / deselect | 310 | |
| Select group hotkey | 305 | |
| Use ability | 61 | |
1160 total
» units
| Peon | 9 | |
| Grunt | 5 | |
| Spirit Walker | 6 | |
| Raider | 3 | |
| Troll Batrider | 6 | |
| Demolisher | 1 | |
| Tauren | 3 | |
33 total
» upgrades
| Spirit Walker Training | 2 | |
| Ensnare | 1 | |
| Armor | 3 | |
| Melee Weapons | 4 | |
| Pillage | 1 | |
| Pulverize | 2 | |
13 total
» buildings
| Altar of Storms | 1 | |
| Orc Burrow | 7 | |
| Barracks | 1 | |
| Voodoo Lounge | 1 | |
| Stronghold | 1 | |
| War Mill | 1 | |
| Beastiary | 1 | |
| Spirit Lodge | 1 | |
| Watch Tower | 1 | |
| Fortress | 1 | |
| Tauren Totem | 2 | |
18 total
» build order
00:09 Altar of Storms
00:19 Orc Burrow
00:38 Barracks
01:31 Orc Burrow
02:20 Voodoo Lounge
03:35 Stronghold
04:43 War Mill
06:10 Beastiary
06:20 Spirit Lodge
06:59 Orc Burrow
07:07 Watch Tower
09:27 Orc Burrow
13:14 Fortress
13:18 Orc Burrow
14:30 Orc Burrow
16:16 Tauren Totem
16:17 Tauren Totem
20:36 Orc Burrow
» items
| Healing Salve | 2 | |
| Lesser Clarity Potion | 2 | |
| Scroll of Speed | 1 | |
| Potion of Healing | 2 | |
| Scroll of Town Portal | 3 | |
| Orb of Lightning | 1 | |
11 total

»
itkifwelose (
blue | 48 APM | 1374 actions | 28:38)
7 Mountain King
3 Storm Bolt
3 Bash
1 Avatar
4 Paladin
2 Holy Light
2 Devotion Aura
» actions
| Build / train | 128 | |
| Enter build submenu | 27 | |
| Enter hero's abilities submenu | 11 | |
| Give item / drop item | 4 | |
| Remove unit from queue | 3 | |
| Right click | 528 | |
| Select / deselect | 548 | |
| Use ability | 125 | |
1374 total
» units
| Peasant | 21 | |
| Footman | 12 | |
| Flying Machine | 18 | |
| Gryphon Rider | 8 | |
59 total
» upgrades
| Defend | 1 | |
| Masonry | 3 | |
| Plating | 2 | |
| Lumber Harvesting | 2 | |
| Flak Cannons | 1 | |
| Gunpowder | 3 | |
| Animal War Training | 1 | |
| Armor | 3 | |
| Flying Machine Bombs | 1 | |
| Fragmentation Shards | 1 | |
| Storm Hammers | 1 | |
| Swords | 3 | |
22 total
» buildings
| Altar of Kings | 1 | |
| Farm | 11 | |
| Barracks | 1 | |
| Scout Tower | 5 | |
| Arcane Tower | 2 | |
| Arcane Vault | 2 | |
| Lumber Mill | 2 | |
| Town Hall | 2 | |
| Guard Tower | 2 | |
| Keep | 1 | |
| Blacksmith | 1 | |
| Castle | 1 | |
| Workshop | 3 | |
| Gryphon Aviary | 3 | |
37 total
» build order
00:08 Altar of Kings
00:11 Farm
00:22 Barracks
00:52 Farm
01:43 Farm
01:52 Scout Tower
02:23 Arcane Tower
02:29 Farm
03:15 Arcane Vault
04:25 Lumber Mill
05:35 Town Hall
05:38 Scout Tower
05:40 Scout Tower
05:45 Scout Tower
06:13 Guard Tower
06:14 Arcane Tower
06:19 Keep
08:01 Blacksmith
08:07 Scout Tower
08:55 Castle
09:49 Guard Tower
09:50 Arcane Vault
10:24 Farm
10:25 Farm
10:26 Farm
10:26 Farm
10:27 Farm
10:27 Farm
10:28 Farm
11:40 Workshop
11:41 Workshop
11:44 Workshop
13:10 Lumber Mill
16:56 Gryphon Aviary
16:59 Gryphon Aviary
20:06 Gryphon Aviary
24:38 Town Hall
» items
| Scroll of Regeneration | 4 | |
| Lesser Clarity Potion | 11 | |
| Scroll of Town Portal | 5 | |
| Circlet of Nobility | 1 | |
| Orb of Fire | 1 | |
| Staff of Sanctuary | 2 | |
| Potion of Lesser Invulnerability | 1 | |
25 total
ReignIForever (
green | 86 APM | 2455 actions | 28:38)
7 Blood Mage
3 Flame Strike
3 Siphon Mana
1 Summon Phoenix
» actions
| Assign group hotkey | 68 | |
| Basic commands | 79 | |
| Build / train | 211 | |
| ESC pressed | 7 | |
| Enter build submenu | 56 | |
| Enter hero's abilities submenu | 7 | |
| Give item / drop item | 1 | |
| Right click | 772 | |
| Select / deselect | 412 | |
| Select group hotkey | 616 | |
| Use ability | 226 | |
2455 total
» units
| Peasant | 32 | |
| Footman | 9 | |
| Sorceress | 2 | |
| Mortar Team | 11 | |
| Knight | 2 | |
| Spell Breaker | 2 | |
58 total
» upgrades
| Masonry | 3 | |
| Lumber Harvesting | 2 | |
| Sorceress Training | 2 | |
| Magic Sentry | 1 | |
| Gunpowder | 3 | |
| Armor | 3 | |
| Fragmentation Shards | 1 | |
| Flare | 1 | |
| Animal War Training | 1 | |
| Backpack | 1 | |
18 total
» buildings
| Altar of Kings | 1 | |
| Barracks | 1 | |
| Farm | 15 | |
| Scout Tower | 25 | |
| Arcane Tower | 10 | |
| Lumber Mill | 2 | |
| Town Hall | 1 | |
| Arcane Vault | 1 | |
| Guard Tower | 56 | |
| Keep | 4 | |
| Arcane Sanctum | 2 | |
| Castle | 2 | |
| Blacksmith | 1 | |
| Workshop | 3 | |
124 total
» build order
00:19 Altar of Kings
00:21 Barracks
00:23 Farm
01:04 Farm
01:49 Farm
02:24 Scout Tower
02:30 Farm
02:42 Arcane Tower
02:42 Arcane Tower
03:04 Farm
03:09 Lumber Mill
03:30 Farm
04:21 Town Hall
04:55 Scout Tower
05:25 Arcane Tower
05:25 Arcane Tower
05:26 Arcane Tower
05:28 Scout Tower
05:36 Arcane Vault
06:08 Guard Tower
06:08 Guard Tower
06:36 Scout Tower
06:38 Scout Tower
06:39 Scout Tower
07:50 Scout Tower
07:53 Keep
07:53 Keep
08:12 Scout Tower
08:14 Scout Tower
08:16 Arcane Tower
08:16 Arcane Tower
08:17 Arcane Tower
08:58 Guard Tower
08:59 Guard Tower
09:02 Scout Tower
09:06 Scout Tower
09:09 Scout Tower
09:41 Guard Tower
09:42 Guard Tower
09:42 Guard Tower
09:42 Guard Tower
09:42 Guard Tower
09:44 Scout Tower
10:24 Guard Tower
10:24 Guard Tower
10:24 Guard Tower
10:24 Guard Tower
10:25 Guard Tower
10:26 Scout Tower
10:33 Arcane Sanctum
10:57 Scout Tower
10:58 Scout Tower
10:58 Scout Tower
11:03 Scout Tower
11:03 Scout Tower
11:07 Scout Tower
11:12 Scout Tower
11:13 Scout Tower
11:20 Guard Tower
11:33 Guard Tower
11:33 Guard Tower
11:37 Guard Tower
11:38 Guard Tower
11:46 Guard Tower
11:46 Guard Tower
11:46 Guard Tower
12:00 Guard Tower
12:00 Guard Tower
12:00 Guard Tower
12:06 Guard Tower
12:07 Guard Tower
12:40 Guard Tower
12:40 Guard Tower
12:41 Guard Tower
12:41 Guard Tower
13:08 Lumber Mill
13:19 Farm
13:22 Scout Tower
13:23 Farm
14:00 Guard Tower
14:00 Guard Tower
14:27 Castle
14:40 Blacksmith
14:43 Scout Tower
14:45 Scout Tower
15:00 Guard Tower
16:59 Guard Tower
16:59 Guard Tower
16:59 Guard Tower
17:20 Workshop
17:22 Workshop
17:23 Workshop
27:16 Farm
27:17 Farm
27:18 Farm
27:19 Farm
27:21 Farm
27:32 Arcane Sanctum
27:48 Farm
27:50 Farm
» items
| Scroll of Regeneration | 7 | |
| Staff of Teleportation | 1 | |
| Potion of Invisibility | 4 | |
| Lesser Clarity Potion | 5 | |
| Mechanical Critter | 2 | |
| Periapt of Vitality | 1 | |
| Tome of Retraining | 1 | |
| Ivory Tower | 1 | |
| Potion of Healing | 4 | |
| Scroll of Town Portal | 1 | |
| Potion of Lesser Invulnerability | 1 | |
28 total
cekysta (
red | 28 APM | 806 actions | 28:38)
5 Mountain King
3 Storm Bolt
2 Bash
5 Paladin
3 Holy Light
2 Divine Shield
» actions
| Assign group hotkey | 30 | |
| Build / train | 73 | |
| Enter build submenu | 13 | |
| Enter hero's abilities submenu | 10 | |
| Give item / drop item | 1 | |
| Right click | 323 | |
| Select / deselect | 144 | |
| Select group hotkey | 163 | |
| Use ability | 49 | |
806 total
» units
| Peasant | 9 | |
| Rifleman | 6 | |
| Knight | 15 | |
| Mortar Team | 11 | |
41 total
» upgrades
| Gunpowder | 1 | |
| Swords | 3 | |
| Masonry | 3 | |
| Long Rifles | 1 | |
| Animal War Training | 1 | |
| Fragmentation Shards | 1 | |
| Plating | 2 | |
| Lumber Harvesting | 2 | |
14 total
» buildings
| Altar of Kings | 1 | |
| Farm | 12 | |
| Barracks | 1 | |
| Blacksmith | 1 | |
| Arcane Vault | 1 | |
| Lumber Mill | 1 | |
| Keep | 1 | |
| Castle | 1 | |
| Workshop | 1 | |
20 total
» build order
00:23 Altar of Kings
00:37 Farm
01:02 Farm
01:29 Barracks
01:45 Blacksmith
02:00 Farm
02:33 Farm
02:45 Arcane Vault
03:11 Lumber Mill
03:20 Farm
03:21 Farm
04:01 Keep
06:44 Farm
06:46 Farm
07:58 Castle
08:50 Workshop
13:09 Farm
13:10 Farm
13:11 Farm
13:12 Farm
» items
| Scroll of Town Portal | 3 | |
| Potion of Healing | 1 | |
4 total
team 2 (loser)
BoliT3Kurac (
purple | 51 APM | 1474 actions | 28:38)
4 Blood Mage
2 Flame Strike
2 Siphon Mana
1 Blademaster
1 Wind Walk
1 Shadow Hunter
1 Hex
» actions
| Assign group hotkey | 47 | |
| Basic commands | 20 | |
| Build / train | 95 | |
| ESC pressed | 1 | |
| Enter build submenu | 21 | |
| Enter hero's abilities submenu | 6 | |
| Right click | 575 | |
| Select / deselect | 328 | |
| Select group hotkey | 269 | |
| Use ability | 112 | |
1474 total
» units
| Peasant | 12 | |
| Rifleman | 17 | |
| Priest | 4 | |
| Mortar Team | 5 | |
| Troll Batrider | 6 | |
| Siege Engine | 7 | |
| Sorceress | 6 | |
| Obsidian Statue | 5 | |
62 total
» upgrades
| Gunpowder | 3 | |
| Lumber Harvesting | 1 | |
| Long Rifles | 1 | |
| Fragmentation Shards | 1 | |
| Flare | 1 | |
| Barrage | 1 | |
8 total
» buildings
| Altar of Kings | 1 | |
| Farm | 12 | |
| Lumber Mill | 1 | |
| Blacksmith | 1 | |
| Barracks | 1 | |
| Keep | 1 | |
| Arcane Sanctum | 1 | |
| Castle | 2 | |
| Workshop | 1 | |
21 total
» build order
00:06 Altar of Kings
00:10 Farm
00:29 Farm
01:45 Lumber Mill
01:49 Farm
01:59 Blacksmith
02:28 Barracks
02:31 Farm
03:16 Keep
04:50 Farm
05:54 Arcane Sanctum
09:57 Farm
09:57 Farm
09:58 Farm
09:58 Farm
09:58 Farm
10:02 Castle
10:02 Castle
10:05 Workshop
14:46 Farm
» items
| Potion of Healing | 3 | |
| Scroll of Speed | 1 | |
| Dust of Appearance | 1 | |
| Orb of Corruption | 1 | |
| Scroll of Healing | 2 | |
8 total
pasy (
yellow | 72 APM | 1721 actions | 23:56)
5 Death Knight
3 Death Coil
2 Unholy Aura
5 Lich
3 Frost Nova
2 Frost Armor
2 Tauren Chieftain
2 Endurance Aura
2 Blademaster
2 Critical Strike
1 Shadow Hunter
1 Healing Wave
» actions
| Assign group hotkey | 83 | |
| Basic commands | 51 | |
| Build / train | 64 | |
| Enter build submenu | 16 | |
| Enter hero's abilities submenu | 15 | |
| Give item / drop item | 2 | |
| Right click | 631 | |
| Select / deselect | 375 | |
| Select group hotkey | 363 | |
| Use ability | 121 | |
1721 total
» units
| Acolyte | 5 | |
| Ghoul | 2 | |
| Crypt Fiend | 10 | |
| Obsidian Statue | 5 | |
| Wind Rider | 3 | |
| Troll Batrider | 1 | |
| Meatwagon | 2 | |
| Abomination | 1 | |
29 total
» upgrades
| Creature Carapace | 1 | |
| Web | 1 | |
| Destroyer Form | 1 | |
| Armor | 1 | |
| Creature Attack | 1 | |
5 total
» buildings
| Crypt | 1 | |
| Graveyard | 1 | |
| Ziggurat | 6 | |
| Altar of Darkness | 1 | |
| Tomb of Relics | 1 | |
| Halls of the Dead | 1 | |
| Slaughterhouse | 2 | |
| Black Citadel | 1 | |
| Necropolis | 1 | |
| Sacrificial Pit | 1 | |
| Spirit Tower | 1 | |
17 total
» build order
00:10 Crypt
00:17 Graveyard
00:40 Ziggurat
00:57 Altar of Darkness
01:37 Ziggurat
01:57 Tomb of Relics
04:39 Halls of the Dead
04:42 Ziggurat
07:20 Slaughterhouse
09:32 Black Citadel
09:34 Ziggurat
10:29 Ziggurat
10:35 Slaughterhouse
11:36 Ziggurat
17:06 Necropolis
17:48 Sacrificial Pit
20:18 Spirit Tower
» items
| Rod of Necromancy | 2 | |
| Potion of Healing | 2 | |
| Potion of Lesser Invulnerability | 1 | |
| Orb of Lightning | 1 | |
| Healing Salve | 1 | |
| Lesser Clarity Potion | 1 | |
| Scroll of Speed | 1 | |
9 total
alextiger (
teal | 29 APM | 522 actions | 18:07)
2 Blademaster
1 Wind Walk
1 Critical Strike
» actions
| Build / train | 23 | |
| Enter build submenu | 19 | |
| Enter hero's abilities submenu | 2 | |
| Right click | 319 | |
| Select / deselect | 133 | |
| Use ability | 26 | |
522 total
» units
| Peon | 14 | |
| Grunt | 2 | |
| Troll Headhunter/Berserker | 2 | |
18 total
» buildings
| Altar of Storms | 1 | |
| Orc Burrow | 7 | |
| Barracks | 1 | |
| War Mill | 1 | |
| Voodoo Lounge | 1 | |
| Stronghold | 1 | |
| Fortress | 1 | |
| Watch Tower | 3 | |
16 total
» build order
00:15 Altar of Storms
00:25 Orc Burrow
00:49 Barracks
01:24 War Mill
01:59 Voodoo Lounge
03:30 Orc Burrow
04:46 Orc Burrow
04:48 Stronghold
06:08 Orc Burrow
06:28 Orc Burrow
07:59 Orc Burrow
08:08 Fortress
08:35 Orc Burrow
08:57 Watch Tower
09:39 Watch Tower
10:26 Watch Tower

»
El-Babouino (
pink | 71 APM | 953 actions | 13:25)
3 Blademaster
2 Wind Walk
1 Critical Strike
3 Tauren Chieftain
2 Shockwave
1 Endurance Aura
2 Shadow Hunter
1 Healing Wave
1 Hex
» actions
| Assign group hotkey | 13 | |
| Build / train | 50 | |
| Enter build submenu | 12 | |
| Enter hero's abilities submenu | 8 | |
| Give item / drop item | 1 | |
| Remove unit from queue | 1 | |
| Right click | 343 | |
| Select / deselect | 121 | |
| Select group hotkey | 352 | |
| Use ability | 52 | |
953 total
» units
| Peon | 13 | |
| Wind Rider | 6 | |
| Kodo Beast | 1 | |
20 total
» upgrades
| Ranged Weapons | 3 | |
| Envenomed Spears | 1 | |
| War Drums Damage Increase | 1 | |
5 total
» buildings
| Altar of Storms | 1 | |
| Orc Burrow | 5 | |
| Voodoo Lounge | 1 | |
| War Mill | 2 | |
| Stronghold | 1 | |
| Beastiary | 2 | |
| Fortress | 1 | |
| Great Hall | 1 | |
14 total
» build order
00:09 Altar of Storms
00:16 Orc Burrow
00:51 Voodoo Lounge
01:23 War Mill
01:39 Orc Burrow
02:39 Stronghold
03:06 War Mill
03:47 Orc Burrow
06:00 Beastiary
06:02 Beastiary
06:04 Fortress
06:22 Orc Burrow
10:18 Great Hall
13:22 Orc Burrow
» items
| Healing Salve | 3 | |
| Lesser Clarity Potion | 7 | |
| Scroll of Speed | 2 | |
12 total
Chat log
(00:32 / Allies) itkifwelose: hello
(00:39 / Allies) Newn00b: hi
(00:40 / Allies) cekysta: hi
(00:42 / Allies) ReignIForever: hej
(00:47 / Allies) ReignIForever: sup
(01:40 / Allies) itkifwelose: anyone go for aa?
(01:52 / Allies) Newn00b: hmm
(01:55 / Allies) Newn00b: me not
(02:00 / Allies) itkifwelose: ok i do
(02:04 / Allies) Newn00b: ok
(02:16 / Allies) ReignIForever: rush build
(02:17 / Allies) ReignIForever: from them
(04:04 / All) ReignIForever: lvl 1 flamestrike harass lol
(04:05 / All) ReignIForever: dumbass
(04:46 / All) ReignIForever: lol
(05:23 / All) ReignIForever: retard
(07:00 / Allies) Newn00b: thx
(07:32 / Allies) ReignIForever: help
(07:52 / Allies) ReignIForever: ty gj
(09:30 / Allies) ReignIForever: they suck
(09:59 / Allies) itkifwelose: shit
(11:53 / Allies) ReignIForever: my base
(12:41 / Allies) ReignIForever: ty
(13:25 / All) ReignIForever: I think they lost anyway
(13:25 / All) ReignIForever: A leaver won't change much tbh
(13:31 / All) ReignIForever: Same outcome for them
(14:00 / Allies) Newn00b: green give gols pls
(14:12 / Allies) Newn00b: thx
(14:14 / Allies) ReignIForever: np
(15:24 / All) ReignIForever: Might want to defend your ally buds
(15:32 / All) ReignIForever: Nice army purple
(15:35 / All) ReignIForever: Might want to go help him
(16:30 / All) ReignIForever: Nice peasants
(16:39 / All) ReignIForever: I didn't even make 1 unit
(16:40 / All) BoliT3Kurac: NOVA
(16:41 / All) BoliT3Kurac: NOOB
(16:47 / All) ReignIForever: It's called flame strike
(16:52 / All) ReignIForever: Frost nova is from the lich
(16:54 / All) ReignIForever: "noob"
(17:02 / All) BoliT3Kurac: u are noob
(17:13 / All) ReignIForever: You just had every peasant killed by 1 hero
(17:17 / All) ReignIForever: I don't think you can judge that, sir
(17:24 / All) BoliT3Kurac: WOW
(17:28 / All) BoliT3Kurac: REALL HARD TO DO
(17:30 / All) BoliT3Kurac: fuckface
(17:46 / All) ReignIForever: And real hard to defend apparently if you are a dumbass that surrounds a hero with AoE spell
(17:50 / All) ReignIForever: that instakills workers
(17:54 / All) ReignIForever: Great decision making!
(17:59 / All) ReignIForever: Did anything go through your head at all?
(18:07 / All) BoliT3Kurac: u are dumb
(18:13 / All) ReignIForever: You just lost to 1 hero bud
(18:20 / All) ReignIForever: Nice maphack pink
(18:22 / All) BoliT3Kurac: U lost tp
(18:23 / All) ReignIForever: And you still lost with it
(18:38 / All) ReignIForever: yeah 350 gold for every worker
(18:40 / All) ReignIForever: That's a good trade bud
(19:05 / All) ReignIForever: Wait do you have maphack? The orcs left
(19:09 / All) ReignIForever: lmao how did you lose?
(19:17 / All) BoliT3Kurac: me mh yes
(19:20 / All) ReignIForever: LOL
(19:25 / All) ReignIForever: and you surrounded my bm and didn't get dust?
(19:28 / All) BoliT3Kurac: Reatrd fool
(19:32 / All) ReignIForever: How did you lose any workers to that?
(19:32 / All) BoliT3Kurac: OMFG
(19:35 / All) BoliT3Kurac: IM NOT ALONE IN TEAM
(19:43 / All) ReignIForever: You are now almost, 4v2!
(19:46 / All) ReignIForever: 15-12 with maphack, awful
(19:58 / All) ReignIForever: How do you lose even 1 peasant to that with mh? seriously
(19:58 / All) BoliT3Kurac: ok xDD
(20:08 / All) BoliT3Kurac: ahahhahahaha
(20:23 / All) ReignIForever: Are you having as much fun as I am?
(20:31 / All) BoliT3Kurac: no
(20:32 / All) BoliT3Kurac: i cry
(20:38 / All) ReignIForever: Where are you from?
(20:53 / All) BoliT3Kurac: ur mothers pussy
(21:09 / All) ReignIForever: You're my brother? I don't think the genetic stock of my family is bad enough to create an inbred degenerate like you
(21:16 / All) BoliT3Kurac: ok
(21:17 / All) BoliT3Kurac: hahahahaha
(21:30 / All) ReignIForever: free abom?
(21:44 / All) ReignIForever: Bye!
(21:45 / All) ReignIForever: You lost bud
(22:25 / All) ReignIForever: shouldn't check chat log with bm vulnerable oops
(22:49 / Allies) cekysta: tp orange?
(22:54 / Allies) ReignIForever: tp
(23:50 / All) ReignIForever: bye
(23:59 / All) ReignIForever: You can go
(24:08 / All) BoliT3Kurac: i can but i wont
(24:17 / All) ReignIForever: Okay, I enjoy killing buildings anyway
(24:29 / All) ReignIForever: It reinforces my dominance of subjugating the weak player to my will
(24:45 / All) BoliT3Kurac: omg super freak
(24:57 / All) Newn00b: lwave
(25:19 / Allies) Newn00b: let me on front
(25:25 / Allies) ReignIForever: tauren there
(25:31 / Allies) Newn00b: thx
(25:36 / Allies) ReignIForever: np
(25:46 / Allies) ReignIForever: I can't believe purp had mh and they lost so easily
(26:05 / Allies) Newn00b: tp
(26:18 / Allies) Newn00b: thx
(26:39 / All) ReignIForever: your micro not as good as mine lol
(28:00 / All) Newn00b: to easy
(28:05 / All) ReignIForever: yeah and they ahd mh too
(28:07 / All) ReignIForever: a shitty maphacker
(28:13 / All) ReignIForever: One of the worst I have ever seen not even kidding